 Dungeon Crawl Stone Soup version 0.32-a0-33-g74fbe469d6 (webtiles) character file.

Game seed: 944631084007382773

17 Hellonello the Ruffian (level 2, -1/27 HPs)
             Began as an Octopode Shapeshifter on Jan 20, 2024.
             Succumbed to a kobold's poison
             ... on level 1 of the Dungeon.
             The game lasted 00:01:11 (422 turns).

Hellonello the Ruffian (Octopode Shapeshifter)       Turns: 422, Time: 00:01:11

Health: -1/27      AC: 21    Str: 13    XL:     2   Next: 62%
Magic:  2/2        EV:  2    Int: 12    God:
Gold:   58         SH:  0    Dex: 11    Spells: 1/1 levels left

rFire   . .          .
                       - Unarmed
rCold   . . .        (no shield)
rNeg    + . .        (helmet currently unavailable)
rPois   +            (no amulet)
rElec   .            g - ring of positive energy
rCorr   .            (no ring)
SInv    .            (no ring)
Will    .....        (no ring)
Stlth   +            (no ring)
HPRegen 0.24/turn    (no ring)
MPRegen 0.08/turn    (no ring)
                     (no ring)

%: no passive effects
@: lethally poisoned (-1 -> -25), tree-form
A: stationary, stasis, torment immunity, boosted hp, almost no armour,
(amphibious), 8 rings, (camouflage 1), (gelatinous body 1), (nimble swimmer 1),
(tentacles)
a: no special abilities


You were on level 1 of the Dungeon.
You were a tree.
You visited 1 branch of the dungeon, and saw 1 of its levels.

You collected 58 gold pieces.

Inventory:

Jewellery
 g - a ring of positive energy (left branch)
Talismans
 b - a beast talisman
 c - a flux talisman
Scrolls
 d - a scroll of teleportation {unknown}
 e - a scroll of enchant armour {unknown}
Potions
 f - a potion of enlightenment {unknown}


   Skills:
 + Level 1.6 Fighting
 + Level 2.4 Dodging
 + Level 3.3 Unarmed Combat
 - Level 3.0 Shapeshifting


You had one spell level left.
You didn't know any spells.
Your spell library was empty.

Dungeon Overview and Level Annotations

Branches:
Dungeon (1/15)

Altars:


Innate Abilities, Weirdness & Mutations

You are a tree.
Your roots penetrate the ground, keeping you stationary.
You cannot be teleported.
You are immune to unholy pain and torment.
Your maximum health is greatly increased.
You cannot wear most types of armour.
((You are amphibious.))
You can wear up to eight rings at the same time.
((Your skin changes colour to match your surroundings (Stealth+).))
((Your rubbery body absorbs attacks. (AC +1, EV +1)))
((You are camouflaged when in or above water. (Stealth+)))
((You have tentacles for arms and can constrict up to eight enemies at once.))


Message History

The bat hits you but does no damage. The goblin hits you with a +0 dagger.
You tentacle-slap the goblin. You squeeze the goblin.
You kill the goblin!
The bat hits you. The bat closely misses you. The ball python bites you.
The ball python completely misses you.
A kobold comes into view.
It is wielding a +0 short sword of venom.
The kobold shouts!
You bludgeon the ball python!
You kill the ball python!
The bat closely misses you. The bat hits you but does no damage.
You tentacle-slap the bat but do no damage.
Your grab misses the bat. Your squeeze misses the bat.
The bat barely misses you. The bat barely misses you.
You tentacle-slap the bat. You grab the bat.
The bat is heavily wounded.
You constrict the bat. The bat closely misses you.
The bat escapes!
The bat misses you.
You miss the bat. You grab the bat.
The bat is heavily wounded.
You constrict the bat. The bat barely misses you.
The bat escapes!
You tentacle-slap the kobold. You grab the kobold.
The kobold is moderately wounded.
You constrict the kobold, but do no damage.
The bat misses you.
The kobold hits you with a +0 short sword of venom.
You are lethally poisoned!
You barely miss the kobold.
The kobold is moderately wounded.
You constrict the kobold.
You feel very sick. The bat closely misses you.
The kobold hits you with a +0 short sword of venom.
* * * LOW HITPOINT WARNING * * *
You are more poisoned.
Your transformation has ended.
You turn into a tree.
Your roots penetrate the ground.
You lose your grip on the kobold.
You die...

### #.#...###.. #.# #...###
## #.# #..## # #.# ##..# #
. #.# #...######## ..
#.####........... ##.
#.......########. ....
####.....#.# ##.....
.....###.K♣b.####.###..##..
!..............)......^...#
.....).>.....######.######.
......†)...................
.............###..###.#####
.............###.## #......
.....####........# ######.
..... #........### ###.
.... .....##.#÷.########...


You could see a bat and a kobold.

Vanquished Creatures
  A giant cockroach (D:1)
  3 goblins (D:1)
  3 hobgoblins (D:1)
  2 jackals (D:1)
  A ball python (D:1)
  4 bats (D:1)
  A kobold (D:1)
15 creatures vanquished.

Notes
Turn   | Place    | Note
-------+----------+-------------------------------------------
     0 | D:1      | Hellonello the Octopode Shapeshifter began the quest for
                  | the Orb.
     0 | D:1      | Reached XP level 1. HP: 13/13 MP: 1/1
   164 | D:1      | Reached XP level 2. HP: 16/18 MP: 2/2
   422 | D:1      | Succumbed to a kobold's poison

Illustrated notes

Levels and vault maps discovered:
D:1:      minmay_arrival_wavy_path, layout_rooms, serial_corexii_hall,
          chequers_hall_statues_corner_a, corexii_hall_statues_x,
          corexii_hall_statues_l

Action                     || total
---------------------------++-------
  Melee: Unarmed           ||    31
         Constrict         ||    11
         Tentacles         ||     5
         Punch             ||     2
    Use: Potion            ||     1
   Stab: Sleeping          ||     1
 Armour: Skin              ||    17
  Dodge: Dodged            ||    25

Table legend: (Time is in decaauts)
 A = Elapsed time spent in this place.
 B = Non-inter-level travel time spent in this place.
 C = Inter-level travel time spent in this place.
 D = Time resting spent in this place.
 E = Time spent auto-exploring this place.
 F = Levels seen in this place.
 G = Mean time per level.
                   A        B        C        D        E       F      G
               +--------+--------+--------+--------+--------+-----+--------+
         Total |    420 |    420 |      0 |      0 |    322 |   1 |  420.0 |
       Dungeon |    420 |    420 |      0 |      0 |    322 |   1 |  420.0 |
               +--------+--------+--------+--------+--------+-----+--------+

Top non-repeatable levels by time:
     D:1: 420 daAuts
